 Dungeon Crawl Stone Soup version 0.23.2-1-ga50397a (webtiles) character file.

Game seed: 7938158002041859642

29 Iscandelvey the Vexing (level 3, 21/26 HPs)
             Began as a Demonspawn Arcane Marksman on Apr 17, 2019.
             Quit the game on level 1 of the Dungeon.
             The game lasted 00:00:23 (292 turns).

Iscandelvey the Vexing (Demonspawn Arcane Marksman)  Turns: 292, Time: 00:00:23

Health: 21/26      AC:  4    Str: 10    XL:     3   Next: 1%
Magic:  4/4        EV: 12    Int: 15    God:
Gold:   61         SH:  0    Dex: 13    Spells: 3/4 levels left

rFire    + . .     SeeInvis .   a - +0 hand crossbow
rCold    . . .     Gourm    .   (no shield)
rNeg     . . .     Faith    .   e - +0 robe
rPois    .         Spirit   .   (no helmet)
rElec    .         Reflect  .   (no cloak)
rCorr    .         Harm     .   (no gloves)
MR       .....                  (no boots)
Stlth    +.........             (no amulet)
HPRegen  0.08/turn              (no ring)
MPRegen  0.09/turn              (no ring)

@: no status effects
A: thin metallic scales 1, fire resistance 1
a: no special abilities


You were on level 1 of the Dungeon.
You were not hungry.

You visited 1 branch of the dungeon, and saw 1 of its levels.

You collected 61 gold pieces.

Inventory:

Hand Weapons
 a - a +0 hand crossbow (weapon)
Missiles
 d - 10 bolts (quivered)
Armour
 e - a +0 robe (worn)
Scrolls
 b - a scroll of teleportation {unknown}
 g - a scroll of identify {unknown}
 h - a scroll of remove curse {unknown}
Potions
 c - a potion of curing {unknown}
Comestibles
 f - a ration


   Skills:
 + Level 1.2 Fighting
 + Level 2.2 Crossbows
 + Level 1.9 Dodging
 + Level 1.0 Spellcasting
 + Level 3.7 Hexes


You had 3 spell levels left.
You knew the following spells:

 Your Spells              Type           Power        Failure   Level  Hunger
a - Corona                Hex            ##.....      5%          1    ##.....

Your spell library contained the following spells:

 Spells                   Type           Power        Failure   Level  Hunger
 Slow                     Hex            ##......     8%          2    ###....
 Inner Flame              Hex/Fire       #.......     34%         3    ####...
 Portal Projectile        Hex/Tloc       #.....       34%         3    ####...
 Cause Fear               Hex            ##........   45%         4    #####..
 Leda's Liquefaction      Hex/Erth       #.........   75%         4    #####..


Dungeon Overview and Level Annotations

Branches:
Dungeon (1/15)

Altars:


Innate Abilities, Weirdness & Mutations

You are partially covered in thin metallic scales. (AC +2)
Your flesh is heat resistant. (rF+)


Message History

Aim: a kobold, wielding a +0 club You shoot a bolt.
The bolt completely misses the kobold.
The kobold throws a stone.
The stone hits you but does no damage.
Firing (i - inventory)
d - 12 bolts (quivered)
Press: ? - help, Shift-Dir - straight line, f/p - kobold
Aim: a kobold, wielding a +0 club You shoot a bolt.
The bolt closely misses the kobold.
The kobold throws a stone.
The stone hits you but does no damage.
A kobold is nearby!
Firing (i - inventory)
d - 11 bolts (quivered)
Press: ? - help, Shift-Dir - straight line, f/p - kobold
Aim: a kobold, wielding a +0 club You shoot a bolt.
The bolt hits the kobold.
You kill the kobold!
You have reached level 3!
Your experience leads to an increase in your attributes!
Increase (S)trength, (I)ntelligence, or (D)exterity?
You feel clever.
Your demonic ancestry asserts itself...
You feel resistant to heat.
Are you sure you want to abandon this character and quit the game? (Confirm with "yes".)

######)# #.#
.#. #.# #.#.
#.# ..( #.#
..# #.# ..#
#.# .)#
######†##).#
.........@..#
..########.##
.# .# .# .#
.# .#


There were no monsters in sight!

Vanquished Creatures
  A gnoll (D:1)
  An ooze (D:1)
  A giant cockroach (D:1)
  3 goblins (D:1)
  2 hobgoblins (D:1)
  2 frilled lizards (D:1)
  3 kobolds (D:1)
  2 rats (D:1)
15 creatures vanquished.

Notes
Turn   | Place    | Note
-------+----------+-------------------------------------------
     0 | D:1      | Iscandelvey the Demonspawn Arcane Marksman began the quest
                  | for the Orb.
     0 | D:1      | Reached XP level 1. HP: 15/15 MP: 2/2
   130 | D:1      | Gained mutation: You are partially covered in thin metallic
                  | scales. (AC +2) [demonic ancestry]
   130 | D:1      | Reached XP level 2. HP: 21/21 MP: 3/3
   291 | D:1      | Gained mutation: Your flesh is heat resistant. (rF+)
                  | [demonic ancestry]
   291 | D:1      | Reached XP level 3. HP: 21/26 MP: 4/4
   292 | D:1      | Quit the game

Skill      XL: |  1 |
---------------+----+-----
Crossbows      | 2 |  2.2
Fighting       | |  1.2
Dodging        | |  1.9
Spellcasting   | |  1.0
Hexes          | |  3.7

Action                   || total
-------------------------++-------
 Fire: Hand crossbow     ||    53
Armor: Robe              ||     3
Dodge: Dodged            ||     8
